 Dungeon Crawl Stone Soup version 0.24.0-123-gd5b16e6ec5 (webtiles) character file.

Game seed: 535002261766778737, levelgen mode: deterministic

468 Bergy the Cudgeler (level 7, 0/41 HPs)
             Began as a Gargoyle Fighter on Dec 29, 2019.
             Slain by an orc
             ... wielding a +0 club
              (1 damage)
             ... on level 4 of the Dungeon.
             The game lasted 00:07:07 (1951 turns).

Bergy the Cudgeler (Gargoyle Fighter)               Turns: 1951, Time: 00:07:08

Health: 0/41       AC: 11    Str: 22    XL:     7   Next: 8%
Magic:  7/7        EV:  7    Int:  8    God:
Gold:   139        SH:  9    Dex:  9    Spells: 6/6 levels left

rFire    . . .     SeeInvis .   a - +0 flail
rCold    . . .     Gourm    .   c - +0 shield
rNeg     + . .     Faith    .   b - +0 scale mail
rPois    ∞         Spirit   .   (no helmet)
rElec    +         Reflect  .   (no cloak)
rCorr    .         Harm     .   (no gloves)
MR       .....                  (no boots)
Stlth    ..........             (no amulet)
HPRegen  0.13/turn              (no ring)
MPRegen  0.10/turn              (no ring)

@: no status effects
A: negative energy resistance 1, electricity resistance, unbreathing,
petrification resistance, rot immunity, AC +4
a: no special abilities


You were on level 4 of the Dungeon.
You were not hungry.

You visited 1 branch of the dungeon, and saw 4 of its levels.

You collected 139 gold pieces.

Inventory:

Hand Weapons
 a - a +0 flail (weapon)
Armour
 b - a +0 scale mail (worn)
 c - a +0 shield (worn)
Wands
 d - a wand of polymorph (8)
Scrolls
 h - a scroll of identify {unknown}
 k - a scroll of enchant weapon {unknown}
 m - a scroll of teleportation {unknown}
 o - a scroll of noise {unknown}
Potions
 e - a potion of cancellation {unknown}
 i - a potion of mutation {unknown}
 l - a potion of brilliance {unknown}
 n - a potion of flight {unknown}
Comestibles
 f - 2 rations
 g - 4 chunks of flesh


   Skills:
 - Level 3.2 Fighting
 * Level 7.4 Maces & Flails
 - Level 3.2 Armour
 - Level 3.2 Shields


You had 6 spell levels left.
You didn't know any spells.
Your spell library was empty.

Dungeon Overview and Level Annotations

Branches:
Dungeon (4/15)
 Temple: D:4-7

Altars:
The Shining One


Innate Abilities, Weirdness & Mutations

You are resistant to torment.
Your stone body is resilient. (AC +4)
You are immune to poison.
You resist negative energy. (rN+)
You are resistant to electric shocks. (rElec)
You can survive without breathing.
You are immune to petrification.
You are immune to rotting.


Message History

You closely miss the orc.
The orc is lightly wounded.
The orc wizard closely misses you. The orc hits you but does no damage.
The orc hits you with a +0 hand axe.
* * * LOW HITPOINT WARNING * * *
You block the orc's attack. The orc hits you but does no damage.
The orc wizard hits you but does no damage.
The orc hits you but does no damage.
You hit the orc.
The orc is severely wounded.
You block the orc's attack.
The orc wizard hits you but does no damage.
The orc completely misses you. The orc hits you but does no damage.
The orc barely misses you. x2; The orc hits you but does no damage.
You thump the orc!
You kill the orc!
You block the orc wizard's attack. The orc wizard barely misses you.
You block the orc's attack. The orc barely misses you. x2
The orc hits you with a +0 club.
You die...

#. #.####
#.....
#.... #
#...# ..#
#.^.##...#
#o)).....#
#o@o.....#
#o)o......
#.........
######....
###


You could see an orc wizard and 4 orcs.

Vanquished Creatures
  Sigmund (D:2)
  3 orc priests
  Natasha (thrice) (D:2)
  Robin (D:2)
  A gnoll (D:3)
  4 adders (D:2)
  2 oozes (D:1)
  2 worms (D:2)
  2 dart slugs
  8 orcs
  6 giant cockroaches
  13 goblins
  9 hobgoblins
  2 jackals (D:2)
  4 kobolds
  A quokka (D:3)
  2 ball pythons
  4 bats
  3 frilled lizards
  4 rats
75 creatures vanquished.

Notes
Turn   | Place    | Note
-------+----------+-------------------------------------------
     0 | D:1      | Bergy the Gargoyle Fighter began the quest for the Orb.
     0 | D:1      | Reached XP level 1. HP: 14/14 MP: 1/1
   205 | D:1      | Reached XP level 2. HP: 19/19 MP: 2/2
   251 | D:1      | Reached skill level 3 in Maces & Flails
   348 | D:1      | Reached XP level 3. HP: 23/23 MP: 3/3
   554 | D:2      | Noticed Robin
   588 | D:2      | Killed Robin
   588 | D:2      | Reached skill level 4 in Maces & Flails
   650 | D:2      | Reached XP level 4. HP: 25/28 MP: 4/4
   875 | D:2      | Noticed Natasha
   882 | D:2      | Killed Natasha
   889 | D:2      | Noticed Sigmund
   903 | D:2      | Killed Sigmund
   903 | D:2      | Reached skill level 6 in Maces & Flails
   903 | D:2      | Reached XP level 5. HP: 25/32 MP: 5/5
   903 | D:2      | Reached XP level 6. HP: 29/37 MP: 6/6
  1000 | D:2      | Found a glowing golden altar of the Shining One.
  1186 | D:2      | Noticed Natasha
  1193 | D:2      | Killed Natasha
  1675 | D:2      | Noticed Natasha
  1679 | D:2      | Killed Natasha
  1738 | D:3      | Reached skill level 7 in Maces & Flails
  1919 | D:3      | Reached XP level 7. HP: 15/41 MP: 7/7
  1946 | D:4      | HP: 1/41 [orc wizard/magic dart (2)]
  1951 | D:4      | Slain by an orc

Levels and vault maps discovered:
D:1:      dpeg_arrival_shelter, layout_rooms, minmay_misc_feat_doors
D:2:      layout_basic, nicolae_tso_carved_into_rock, kennysheep_generic_room_8,
          uniq_robin, uniq_natasha, uniq_sigmund
D:3:      layout_rooms, zin_academy
D:4:      layout_gridville, makhleb_blood_cavern_becter, first_ration,
          nicolae_ru_awakened_eye, uniq_eustachio

Skill      XL: |  1  2  3  4  5  6 |
---------------+-------------------+-----
Maces & Flails | 3 4 6 7 |  7.4
Fighting       | |  3.2
Armour         | |  3.2
Shields        | |  3.2

Action                   |  1- 3 |  4- 6 |  7- 9 || total
-------------------------+-------+-------+-------++-------
Melee: Flail             |    92 |   135 |    20 ||   247
  Use: Potion            |     1 |     2 |     1 ||     4
  Eat: Ration            |       |     1 |       ||     1
       Chunk             |       |     1 |       ||     1
Armor: Scale mail        |    42 |    69 |    55 ||   166
Dodge: Dodged            |    20 |    54 |    28 ||   102
Block: Shield            |    48 |    75 |    39 ||   162
